Workbook
Name \0: #REF!
Name \00: #REF!
Name \a: #REF!
Name \a: #REF!
Name \AA: [1]LIQUIDACION!#REF!
Name \b: [2]STRSUMM0!#REF!
Name \bb: [2]STRSUMM0!#REF!
Name \E: #REF!
Name \EE: #REF!
Name \G: #REF!
Name \k: '[3]7422CW00'!#REF!
Name \l: [4]STRSUMM0!#REF!
Name \M: #REF!
Name \ñ: '[5]7422CW00'!#REF!
Name \P: #REF!
Name \R: #REF!
Name \s: #REF!
Name \s: #REF!
Name \V: #REF!
Name \X: 'Indicaador por Item'!ERR
Name \X: [0]!ERR
Name \Z: 'Indicaador por Item'!ERR
Name \Z: [0]!ERR
Name _________AFC1: [6]INV!$A$25:$D$28
Name _________AFC3: [6]INV!$F$25:$I$28
Name _________AFC5: [6]INV!$K$25:$N$28
Name _________BGC1: [6]INV!$A$5:$D$8
Name _________BGC3: [6]INV!$F$5:$I$8
Name _________BGC5: [6]INV!$K$5:$N$8
Name _________CAC1: [6]INV!$A$19:$D$22
Name _________CAC3: [6]INV!$F$19:$I$22
Name _________CAC5: [6]INV!$K$19:$N$22
Name _________PJ50: #REF!
Name _________PJ50: #REF!
Name _________SBC1: [6]INV!$A$12:$D$15
Name _________SBC3: [6]INV!$F$12:$I$15
Name _________SBC5: [6]INV!$K$12:$N$15
Name ________AFC1: [6]INV!$A$25:$D$28
Name ________AFC3: [6]INV!$F$25:$I$28
Name ________AFC5: [6]INV!$K$25:$N$28
Name ________BGC1: [6]INV!$A$5:$D$8
Name ________BGC3: [6]INV!$F$5:$I$8
Name ________BGC5: [6]INV!$K$5:$N$8
Name ________CAC1: [6]INV!$A$19:$D$22
Name ________CAC3: [6]INV!$F$19:$I$22
Name ________CAC5: [6]INV!$K$19:$N$22
Name ________MA2: #REF!
Name ________MA2: #REF!
Name ________PJ50: #REF!
Name ________PJ50: #REF!
Name ________SBC1: [6]INV!$A$12:$D$15
Name ________SBC3: [6]INV!$F$12:$I$15
Name ________SBC5: [6]INV!$K$12:$N$15
Name _______AFC1: [6]INV!$A$25:$D$28
Name _______AFC3: [6]INV!$F$25:$I$28
Name _______AFC5: [6]INV!$K$25:$N$28
Name _______BGC1: [6]INV!$A$5:$D$8
Name _______BGC3: [6]INV!$F$5:$I$8
Name _______BGC5: [6]INV!$K$5:$N$8
Name _______CAC1: [6]INV!$A$19:$D$22

Sheet Ppto Oficial
B1: Formulario 1 - Propuesta económica - Licitación de obra pública de infraestructura social
B2: Código | F2: CCE-EICP-FM-116 | G2: Versión | H2: 1
C5: FORMULARIO 1
C6: PRESUPUESTO OFICIAL
C7: [La entidad puede utilizar este formulario de detalle del presupuesto oficial para determinar las condiciones bajo las cuales los proponentes analizarán y presentarán su propuesta económica de forma detallada, sin perjuicio que la entidad pueda modificarlo o establecer la presentación de la oferta económica con un formulario distinto al indicado.]
C9: Adicionalmente, cuando el proceso de contratación es estructurado por precios unitarios, la Entidad debe aplicar las notas 1, 2 y 3 del presente formulario y las casillas de "Descripción", "Porcentaje" de la Administración, Imprevisto, Utilidad y total A.I.U. resaltadas en colo amarillo. Tratándose de otras modalidades de precio, la Entidad puede o no configurar los mismos aspectos.
C11: Nº | D11: ITEM DE PAGO | E11: ESPECIFICACIONES | G11: DESCRIPCION | H11: UND. | I11: CANTIDAD | J11: VALOR UNITARIO | K11: VALOR TOTAL
E12: GENERAL | F12: PARTICULAR
G14: ADECUACIÓN DE TERRENO Y ESTABLECIMIENTO DE PLANTACIONES PROTECTORAS. | H14: Ha | I14: 2 | J14: 47430600 | K14: =ROUND(J14*I14,0) -> 94861200
H15: Administración (A) | J15: 0.23 | K15: =ROUND(+K14*J15,0) -> 21818076
H16: Imprevistos (I) | J16: 0.02 | K16: =ROUND(+K14*J16,0) -> 1897224
H17: Utilidad (U) | J17: 0.05 | K17: =ROUND(+K14*J17,0) -> 4743060
C18: Subtotal | K18: =SUM(K14:K17) -> 123319560
G20: REALIZAR AISLAMIENTO DE PLANTACIONES PROTECTORAS | H20: Km | I20: 6 | J20: 8033656 | K20: =ROUND(J20*I20,0) -> 48201936
H21: Administración (A) | J21: 0.23 | K21: =ROUND(+K20*J21,0)-1 -> 11086444
H22: Imprevistos (I) | J22: 0.02 | K22: =ROUND(+K20*J22,0)-1 -> 964038
H23: Utilidad (U) | J23: 0.05 | K23: =ROUND(+K20*J23,0) -> 2410097
C24: Subtotal | K24: =SUM(K20:K23) -> 62662515
G26: REALIZAR MANTENIMIENTO DE PLANTACIONES PROTECTORAS | H26: Ha | I26: 2 | J26: 7037677 | K26: =ROUND(J26*I26,0) -> 14075354
H27: Administración (A) | J27: 0.23 | K27: =ROUND(+K26*J27,0)-1 -> 3237330
H28: Imprevistos (I) | J28: 0.02 | K28: =ROUND(+K26*J28,0) -> 281507
H29: Utilidad (U) | J29: 0.05 | K29: =ROUND(+K26*J29,0) -> 703768
C30: Subtotal | K30: =SUM(K26:K29) -> 18297959
G32: CAPACITACIONES | H32: Und | I32: 5 | J32: 2623891 | K32: =ROUND(J32*I32,0) -> 13119455
H33: Administración (A) | J33: 0.23 | K33: =ROUND(+K32*J33,0)-1 -> 3017474
H34: Imprevistos (I) | J34: 0.02 | K34: =ROUND(+K32*J34,0)-1 -> 262388
H35: Utilidad (U) | J35: 0.05 | K35: =ROUND(+K32*J35,0)-1 -> 655972
C36: Subtotal | K36: =SUM(K32:K35) -> 17055289
G38: ASISTENCIA TECNICA | H38: Gbl | I38: 1 | J38: 19400000 | K38: =ROUND(J38*I38,0) -> 19400000
H39: Administración (A) | J39: 0.23 | K39: =ROUND(+K38*J39,0) -> 4462000
H40: Imprevistos (I) | J40: 0.02 | K40: =ROUND(+K38*J40,0) -> 388000
H41: Utilidad (U) | J41: 0.05 | K41: =ROUND(+K38*J41,0) -> 970000
C42: Subtotal | K42: =SUM(K38:K41) -> 25220000
C43: SUBTOTAL OBRAS | K43: =+K18+K24+K30+K36+K42 -> 246555323
G45: PLAN DE GESTION INTEGRAL DE OBRA | K45: 707900
G46: VALOR TOTAL | K46: =+K43+K45 -> 247263223
C49: NOTA 1: Se debe tener en cuenta que el PRECIO UNITARIO incluye el valor de A.I.U. | H49: DESCRIPCION | K49: PORCENTAJE
C50: NOTA 2: Cuando la fracción decimal del peso sea igual o superior a 5 se aproximara por exceso al número entero siguiente del peso y cuando la fracción decimal del peso sea inferior a 5 se aproximará por defecto al número entero del peso. | H50: ADMINISTRACION | J50: A= | K50: 0.23
C51: NOTA 3: El A.I.U y su discriminación deben estar en porcentaje (%). | H51: IMPREVISTO | J51: I= | K51: 0.02
C52: JORGE ABRAHAM ASSIS BURGOS SECRETARIO DE INFRAESTRUCTURA | H52: UTILIDAD | J52: U= | K52: 0.05
H53: TOTAL A.I.U | J53: A.I.U.= | K53: 0.3

Sheet Indicaador por Item
B1: Formulario 1 - Propuesta económica - Documento tipo de selección abreviada de menor cuantía
B2: Versión: 1 del 21 de agosto de 2025
C5: [La entidad podrá utilizar este formato para la presentación de los análisis de precios unitarios el contratista en la oportunidad prevista en el numeral 8.2. del Documento Base]
D7: MUNICIPIO DE CERETE
D9: [NÚMERO DEL PROCESO] | L9: VERSIÓN
D11: ANALISIS DE PRECIOS UNITARIOS | L11: PÁGINA | M11: 1 | N11: DE | O11: 1
L14: FECHA | M14: DD | N14: MM | O14: AA
C15: ITEMS DE LA PROPUESTA ECONÓMICA | H15: ITEMS NO PREVISTOS
C19: DATOS ESPECÍFICOS
C20: ITEM | D20: DESCRIPCIÓN | M20: UNIDAD | O20: CANTIDAD
C22: I. MANO DE OBRA
C24: DESCRIPCIÓN | J24: UNIDAD | L24: CANTIDAD | M24: VR. UNITARIO | O24: VR. TOTAL
C25: ADECUACIÓN DE TERRENO Y ESTABLECIMIENTO DE PLANTACIONES PROTECTORAS. | J25: Héctarea | L25: 2 | M25: =+'Ppto Oficial'!J14 -> 47430600 | O25: =+L25*M25 -> 94861200
C26: SUBTOTAL $ | O26: =SUM(O25:O25) -> 94861200
I27: ITEM | L27: % | M27: Ha | O27: TOTAL
I28: Administración (A) | L28: 0.23 | M28: 2 | N28: 2 | O28: =ROUND(+O26*L28,0) -> 21818076
I29: Imprevistos (I) | L29: 0.02 | M29: 2 | O29: =ROUND(+O26*L29,0) -> 1897224
I30: Utilidad (U) | L30: 0.05 | M30: 2 | N30: 2 | O30: =ROUND(+O26*L30,0) -> 4743060
C31: TOTAL ADECUACIOM DE TERRENO Y ESTABLECIMIENTO DE ´PLANTACIONES MAS AIU | O31: =+O26+O28+O29+O30 -> 123319560
C32: II. AISLAMIENTO DE PLANTACIONES PROTECTORAS
C34: DESCRIPCIÓN | K34: UNIDAD | L34: CANTIDAD | M34: PRECIO UNIT. | O34: VR. TOTAL
C35: AISLAMIENTO DE PLANTACIONES PROTECTORAS | K35: Km | L35: =+'Ppto Oficial'!I20 -> 6 | M35: =+'Ppto Oficial'!J20 -> 8033656 | O35: =ROUND(+L35*M35,0) -> 48201936
C36: SUBTOTAL $ | O36: =SUM(O35:O35) -> 48201936
I37: ITEM | L37: % | M37: Kilometro | O37: TOTAL
I38: Administración (A) | L38: 0.23 | M38: 6 | N38: 2 | O38: =ROUND(+O36*L38,0)-1 -> 11086444
I39: Imprevistos (I) | L39: 0.02 | M39: 6 | O39: =ROUND(+O36*L39,0)-1 -> 964038
I40: Utilidad (U) | L40: 0.05 | M40: 6 | N40: 2 | O40: =ROUND(+O36*L40,0) -> 2410097
C41: TOTAL AISLAMIENTO DE PLANTACIONES PROTECTORAS MAS AIU | O41: =+O36+O38+O39+O40 -> 62662515
C42: III. MANTENIMIENTO DE PLANTACIONES PROTECTORAS
C45: DESCRICION | K45: UNIDAD | L45: CANTIDAD | M45: PRECIO UNIT. | O45: VR. TOTAL
C46: MANTENIMIENTO DE PLANTACIONES PROTECTORAS | K46: Ha | L46: 2 | M46: =+'Ppto Oficial'!J26 -> 7037677 | O46: =+L46*M46 -> 14075354
I47: ITEM | L47: % | M47: Ha | O47: TOTAL
I48: Administración (A) | L48: 0.23 | M48: 2 | N48: 2 | O48: =ROUND(+O46*L48,0)-1 -> 3237330
I49: Imprevistos (I) | L49: 0.02 | M49: 2 | O49: =ROUND(+O46*L49,0) -> 281507
I50: Utilidad (U) | L50: 0.05 | M50: 2 | N50: 2 | O50: =ROUND(+O46*L50,0) -> 703768
C51: TOTAL MANTENIMIENTO DE PLANTACIONES PROTECTORAS MAS AIU | O51: =+O46+O48+O49+O50 -> 18297959
C52: IV. CAPACITACIONES
C54: DESCRIPCION | K54: UNIDAD | L54: CANTIDAD | M54: PRECIO UNIT. | O54: VR. TOTAL
C55: =+'Ppto Oficial'!G32 -> CAPACITACIONES | K55: unidad | L55: =+'Ppto Oficial'!I32 -> 5 | M55: =+'Ppto Oficial'!J32 -> 2623891 | O55: =+L55*M55 -> 13119455
C56: SUBTOTAL $ | O56: =+O55 -> 13119455
I57: ITEM | L57: % | M57: Ha | O57: TOTAL
I58: Administración (A) | L58: 0.23 | M58: 2 | N58: 2 | O58: =ROUND(+O56*L58,0)-1 -> 3017474
I59: Imprevistos (I) | L59: 0.02 | M59: 2 | O59: =ROUND(+O56*L59,0)-1 -> 262388
I60: Utilidad (U) | L60: 0.05 | M60: 2 | N60: 2 | O60: =ROUND(+O56*L60,0)-1 -> 655972
C61: TOTAL CAPACITACIONES MAS AIU | O61: =+O56+O58+O59+O60 -> 17055289
C63: V. ASISTENCIA TECNICA
C65: DESCRICION | K65: UNIDAD | L65: CANTIDAD | M65: PRECIO UNIT. | O65: VR. TOTAL
C66: ASISTENCIA TECNICA | K66: Global | L66: 1 | M66: =+'Ppto Oficial'!J38 -> 19400000 | O66: =+L66*M66 -> 19400000
C67: SUBTOTAL $ | O67: =+O66 -> 19400000
I68: ITEM | L68: % | M68: Ha | O68: TOTAL
I69: Administración (A) | L69: 0.23 | M69: 2 | N69: 2 | O69: =ROUND(+O67*L69,0) -> 4462000
I70: Imprevistos (I) | L70: 0.02 | M70: 2 | O70: =ROUND(+O67*L70,0) -> 388000
I71: Utilidad (U) | L71: 0.05 | M71: 2 | N71: 2 | O71: =ROUND(+O67*L71,0) -> 970000
C72: TOTAL ASISTENCIA TECNICA MAS AIU | O72: =+O67+O69+O70+O71 -> 25220000
C73: Vi. PLAN DE GESTION INTEGRAL DE OBRA
C75: PLAN DE GESTION INTEGRAL DE OBRA | K75: Global | L75: 1 | M75: =+'Ppto Oficial'!K45 -> 707900 | O75: =+L75*M75 -> 707900
C76: TOTAL PLAN DE GESTION INTEGRAL DE OBRA | O76: =+O75 -> 707900
C78: Precio Unitario Total Aproximado al peso $ | O78: =+O31+O41+O51+O61+O72+O76 -> 247263223
H82: Firma
H83: Nombre:
H84: Representante Legal del Contratista o su Apoderado
H85: Matricula No. :
C87: OBSERVACIONES INTERVENTORÍA
C91: APROBACIÓN POR INTERVENTORÍA
C92: Nota 1: Cuando se trate de Análisis de precios unitarios correspondientes a ítems de la propuesta económica aprobada, el Interventor aprueba el desglose de los componentes manteniendo el mismo precio unitario de cada ítem, cumpliendo con las especificaciones de construcción vigentes para el proyecto.
C94: Nota 2: Cuando se trate de Análisis de precios unitarios de ítems no previstos, el Interventor aprueba el desglose y precio unitario de cada ítem no previsto, exigiendo la aplicación de los costos correspondientes a insumos y tarifas de la propuesta económica inicial cuando estén contemplados, cumpliendo con las especificaciones de construcción vigente para el proyecto.
H97: Firma
H98: Nombre:
H99: Representante Legal del Interventor o su Apoderado
H100: Matricula No. :

Sheet APU Establec
B1: APU
C2: COSTOS DE ESTABLECIMIENTO | F2: Versión:
C4: SGR | F4: Última actualización: 6/09/2020
B6: COSTO DE ESTABLECIMIENTO
B7: SISTEMA A IMPLEMENTAR: | C7: Reforestación protectora (Bosque de Galeria)
B8: Entidad Formuladora | C8: ALCALDIA DE CERETE
B9: NOMBRE DEL PROYECTO: | C9: RESTAURACION DE LOS BOSQUES DE GALERIA EN EL SECTOR CARACAS A RABOLARGO DEL CAÑO BUGRE EN EL MUNICIPIO DE CERETE - DEPARTAMENTO DE CORDOBA
B11: DISEÑO DE PLANTACION: | D11: TRESBOLILLO | G11: X
B13: 1. Distancias de Siembra (mts) | C13: 2.5 | D13: 2.5 | E13: Costo Unitario ($)
B14: 2. Número de Plántulas por Ha | D14: 1847 | E14: 15850
B15: 3. Porcentaje de reposición % | D15: 0.1 | E15: 15850
B16: 4. Cantidad de Fertilizantes / Arbol (gr.) | C16: 15-15-15 | D16: 50 | E16: 0
B17: 5. Cantidad de Hidroretenedor / Árbol (gr.)
B18: 6. Cantidad de Correctivos / Arbol (gr.) | C18: Cal dolomita | D18: 200 | E18: 0
B19: 7. Cantidad de Microelementos / Arbol (gr.) | C19: Boro natural | D19: 5 | E19: 0
B20: 8. Cantidad de Insecticida / Ha (Kg - Lt.) | C20: Lorsban polvo | D20: 2 | E20: 0
B21: 9. Costo por Jornal | E21: 75000
B22: 10. Herramientas (5% de la MO) | D22: 0.05
B23: 11. Transporte Insumos ( % de Insumos) | D23: 0.15
B24: IPC proyectado 2025 (% costos directos) | D24: 0.0535 | E24: METAS TOTALES | F24: 2 | G24: Has.
B26: Costos proyectados en pesos | C26: 2026
B27: CATEGORIA DE INVERSIÓN | C27: Unidad | D27: Cantidad | E27: Valor Unitario ($) | F27: Valor Total/Ha ($) | G27: Valor Total Proyecto ($)
B28: 1. COSTOS DIRECTOS
B29: 1.1. MANO DE OBRA | C29: RENDIMIENTO
B30: Rocería (Preparación de terreno) | C30: M2 | D30: 10000 | E30: 159 | F30: 1590000 | G30: =+F30*F24 -> 3180000
B31: Trazado | C31: Arboles | D31: 1847 | E31: 350 | F31: 646450 | G31: =+F31*F24 -> 1292900
B32: Plateo | C32: Plateos | D32: 1847 | E32: 350 | F32: 646450 | G32: =+F32*F24 -> 1292900
B33: Ahoyado | C33: Repiques | D33: 1847 | E33: 700 | F33: 1292900 | G33: =+F33*F24 -> 2585800
B34: Aplicación de fertilizantes y correctivos | C34: Arboles | D34: 1847 | E34: 350 | F34: 646450 | G34: =+F34*F24 -> 1292900
B35: Transporte interno de insumos | C35: Arboles | D35: 1847 | E35: 350 | F35: 646450 | G35: =+F35*F24 -> 1292900
B36: Plantación (siembra) | C36: Arboles | D36: 1847 | E36: 500 | F36: 923500 | G36: =+F36*F24 -> 1847000
B37: Control fitosanitario | C37: Arboles | D37: 1847 | E37: 100 | F37: 184700 | G37: =+F37*F24 -> 369400
B38: Reposición (Replante) | C38: Arboles | D38: 185 | E38: 700 | F38: 129500 | G38: =+F38*F24 -> 259000
B39: Limpias | C39: Plateos | D39: 1847 | E39: 350 | F39: 646450 | G39: =+F39*F24 -> 1292900
B40: SUBTOTAL MANO DE OBRA | F40: 7352850 | G40: =SUM(G30:G39) -> 14705700
B41: 1.2. INSUMOS
B42: Plántulas + 10% repos. | C42: Plántulas | D42: 2032 | E42: 15850 | F42: 32207200 | G42: =+F42*F24 -> 64414400
B43: Fertilizantes | C43: Kgr. | D43: 92.35 | E43: 2700 | F43: 249345 | G43: =+F43*F24 -> 498690
B44: Hidroretenedor | C44: Kgr. | D44: 0 | F44: 0 | G44: 0
B45: Correctivos | C45: Kgr. | D45: 369.4 | E45: 260 | F45: 96044 | G45: =+F45*F24 -> 192088
B46: Microelementos | C46: Kgr. | D46: 9.235 | E46: 1740 | F46: 16068.9 | G46: =+F46*F24 -> 32137.8
B47: Insecticidas | C47: Kgr.- Lts. | D47: 2 | E47: 50000 | F47: 100000 | G47: =+F47*F24 -> 200000
B48: SUBTOTAL INSUMOS | F48: 32668658 | G48: =SUM(G42:G47) -> 65337316
B49: TOTAL COSTOS DIRECTOS | F49: 40021508 | G49: =+G40+G48 -> 80043016
B50: 2. COSTOS INDIRECTOS
B51: Herramientas | F51: 367642.5 | G51: =+F51*F24 -> 735285
B52: Transp. Insumos | F52: 4900298.7 | G52: =+F52*F24 -> 9800597.4
B53: IPC proyectado 2026 | F53: 2141150.7 | G53: =+F53*F24 -> 4282301.3
B54: TOTAL COSTOS INDIRECTOS | F54: 7409091.9 | G54: =SUM(G51:G53) -> 14818184
B55: COSTO ESTABLECIMIENTO | F55: 47430600 | G55: =+G49+G54 -> 94861200
C57: ítem | E57: Porcentaje | F57: Ha | G57: Total
C58: Administración (A) | E58: 0.23 | F58: 2 | G58: =ROUND(+G55*E58,0) -> 21818076
C59: Imprevistos (I) | E59: 0.02 | F59: 2 | G59: =ROUND(+G55*E59,0) -> 1897224
C60: Utildad (U) | E60: 0.05 | F60: 2 | G60: =ROUND(+G55*E60,0) -> 4743060
B61: SALOME GEORGETTE CHAAR CHAAR | C61: IVA sobre U | E61: 0 | F61: 0 | G61: 0
B62: SECRETARIA DE PLANEACIÓN | C62: Total AIU | G62: =SUM(G58:G61) -> 28458360
C63: TOTAL COSTO ESTABLECIMIENTO | G63: =+G55+G62 -> 1.2331956e+08
B100: RENDIMIENTOS / Ha.
B101: Has | C101: M2 | D101: 10000
B103: ACTIVIDAD | C103: UNIDAD | D103: SAF
B104: Roceria | C104: Jornales | D104: 7
B105: Trazado | C105: Jornales | D105: 4
B106: Plateo (1m) | C106: Jornales | D106: 7
B107: Repique (30x30x30) | C107: Repiques | D107: 8
B108: Fertilización | C108: Jornales | D108: 5.9104
B109: Transp Interno | C109: Jornales | D109: 5.9104
B110: Siembra | C110: Arboles | D110: 7
B111: Control Fitosanit | C111: Jornales | D111: 2
B112: Replante | C112: Arboles | D112: 3
B113: Limpias | C113: Jornales | D113: 3

Sheet APU limpieza
B1: APU
C2: COSTOS DE ESTABLECIMIENTO | F2: Versión:
C4: SGR | F4: Última actualización: 6/09/2020
B6: COSTO DE ESTABLECIMIENTO
B7: SISTEMA A IMPLEMENTAR: | C7: Reforestación protectora (Bosque de Galeria)
B8: Entidad Formuladora | C8: ALCALDIA DE CERETE
B9: NOMBRE DEL PROYECTO: | C9: RESTAURACION DE LOS BOSQUES DE GALERIA EN EL SECTOR CARACAS A RABOLARGO DEL CAÑO BUGRE EN EL MUNICIPIO DE CERETE - DEPARTAMENTO DE CORDOBA
B11: DISEÑO DE PLANTACION: | D11: TRESBOLILLO | G11: X
B13: 1. Distancias de Siembra (mts) | C13: 2.5 | D13: 2.5 | E13: Costo Unitario ($)
B14: 2. Número de Plántulas por Ha | D14: 1847 | E14: 15850
B15: 3. Porcentaje de reposición % | D15: 0.1 | E15: 15850
B16: 4. Cantidad de Fertilizantes / Arbol (gr.) | C16: 15-15-15 | D16: 50 | E16: 0
B17: 5. Cantidad de Hidroretenedor / Árbol (gr.)
B18: 6. Cantidad de Correctivos / Arbol (gr.) | C18: Cal dolomita | D18: 200 | E18: 0
B19: 7. Cantidad de Microelementos / Arbol (gr.) | C19: Boro natural | D19: 5 | E19: 0
B20: 8. Cantidad de Insecticida / Ha (Kg - Lt.) | C20: Lorsban polvo | D20: 2 | E20: 0
B21: 9. Costo por Jornal | E21: 75000
B22: 10. Herramientas (5% de la MO) | D22: 0.05
B23: 11. Transporte Insumos ( % de Insumos) | D23: 0.15
B24: IPC proyectado 2025 (% costos directos) | D24: 0.0535 | E24: METAS TOTALES | F24: 2 | G24: Has.
B26: Costos proyectados en pesos | C26: 2026
B27: CATEGORIA DE INVERSIÓN | C27: Unidad | D27: Cantidad | E27: Valor Unitario ($) | F27: Valor Total/Ha ($) | G27: Valor Total Proyecto ($)
B28: 1. COSTOS DIRECTOS
B29: 1.1. MANO DE OBRA | C29: RENDIMIENTO
B30: Rocería (Preparación de terreno) | C30: M2 | D30: 10000 | E30: 159 | F30: 1590000 | G30: =+F30*F24 -> 3180000
B31: Trazado | C31: Arboles | D31: 1847 | E31: 350 | F31: 646450 | G31: =+F31*F24 -> 1292900
B32: Plateo | C32: Plateos | D32: 1847 | E32: 350 | F32: 646450 | G32: =+F32*F24 -> 1292900
B33: Ahoyado | C33: Repiques | D33: 1847 | E33: 700 | F33: 1292900 | G33: =+F33*F24 -> 2585800
B34: Aplicación de fertilizantes y correctivos | C34: Arboles | D34: 1847 | E34: 350 | F34: 646450 | G34: =+F34*F24 -> 1292900
B35: Transporte interno de insumos | C35: Arboles | D35: 1847 | E35: 350 | F35: 646450 | G35: =+F35*F24 -> 1292900
B36: Plantación (siembra) | C36: Arboles | D36: 1847 | E36: 500 | F36: 923500 | G36: =+F36*F24 -> 1847000
B37: Control fitosanitario | C37: Arboles | D37: 1847 | E37: 100 | F37: 184700 | G37: =+F37*F24 -> 369400
B38: Reposición (Replante) | C38: Arboles | D38: 185 | E38: 700 | F38: 129500 | G38: =+F38*F24 -> 259000
B39: Limpias | C39: Plateos | D39: 1847 | E39: 350 | F39: 646450 | G39: =+F39*F24 -> 1292900
B40: SUBTOTAL MANO DE OBRA | F40: 7352850 | G40: =SUM(G30:G39) -> 14705700
C42: ítem | E42: Porcentaje | F42: Ha | G42: Total
C43: Administración (A) | E43: 0.23 | F43: 2 | G43: =ROUND(+G40*E43,0) -> 3382311
C44: Imprevistos (I) | E44: 0.02 | F44: 2 | G44: =ROUND(+G40*E44,0) -> 294114
C45: Utildad (U) | E45: 0.05 | F45: 2 | G45: =ROUND(+G40*E45,0) -> 735285
C46: IVA sobre U | E46: 0 | F46: 0 | G46: 0
B47: SALOME GEORGETTE CHAAR CHAAR | C47: Total AIU | G47: =SUM(G43:G46) -> 4411710
B48: SECRETARIA DE PLANEACIÓN | C48: TOTAL COSTO ESTABLECIMIENTO | G48: =+G40+G47 -> 19117410
B85: RENDIMIENTOS / Ha.
B86: Has | C86: M2 | D86: 10000
B88: ACTIVIDAD | C88: UNIDAD | D88: SAF
B89: Roceria | C89: Jornales | D89: 7
B90: Trazado | C90: Jornales | D90: 4
B91: Plateo (1m) | C91: Jornales | D91: 7
B92: Repique (30x30x30) | C92: Repiques | D92: 8
B93: Fertilización | C93: Jornales | D93: 5.9104
B94: Transp Interno | C94: Jornales | D94: 5.9104
B95: Siembra | C95: Arboles | D95: 7
B96: Control Fitosanit | C96: Jornales | D96: 2
B97: Replante | C97: Arboles | D97: 3
B98: Limpias | C98: Jornales | D98: 3

Sheet APU insumos
B1: APU
C2: COSTOS DE ESTABLECIMIENTO | F2: Versión:
C4: SGR | F4: Última actualización: 6/09/2020
B6: COSTO DE ESTABLECIMIENTO
B7: SISTEMA A IMPLEMENTAR: | C7: Reforestación protectora (Bosque de Galeria)
B8: Entidad Formuladora | C8: ALCALDIA DE CERETE
B9: NOMBRE DEL PROYECTO: | C9: RESTAURACION DE LOS BOSQUES DE GALERIA EN EL SECTOR CARACAS A RABOLARGO DEL CAÑO BUGRE EN EL MUNICIPIO DE CERETE - DEPARTAMENTO DE CORDOBA
B11: DISEÑO DE PLANTACION: | D11: TRESBOLILLO | G11: X
B13: 1. Distancias de Siembra (mts) | C13: 2.5 | D13: 2.5 | E13: Costo Unitario ($)
B14: 2. Número de Plántulas por Ha | D14: 1847 | E14: 15850
B15: 3. Porcentaje de reposición % | D15: 0.1 | E15: 15850
B16: 4. Cantidad de Fertilizantes / Arbol (gr.) | C16: 15-15-15 | D16: 50 | E16: 0
B17: 5. Cantidad de Hidroretenedor / Árbol (gr.)
B18: 6. Cantidad de Correctivos / Arbol (gr.) | C18: Cal dolomita | D18: 200 | E18: 0
B19: 7. Cantidad de Microelementos / Arbol (gr.) | C19: Boro natural | D19: 5 | E19: 0
B20: 8. Cantidad de Insecticida / Ha (Kg - Lt.) | C20: Lorsban polvo | D20: 2 | E20: 0
B21: 9. Costo por Jornal | E21: 75000
B22: 10. Herramientas (5% de la MO) | D22: 0.05
B23: 11. Transporte Insumos ( % de Insumos) | D23: 0.15
B24: IPC proyectado 2025 (% costos directos) | D24: 0.0535 | E24: METAS TOTALES | F24: 2 | G24: Has.
B26: Costos proyectados en pesos | C26: 2026
B27: CATEGORIA DE INVERSIÓN | C27: Unidad | D27: Cantidad | E27: Valor Unitario ($) | F27: Valor Total/Ha ($) | G27: Valor Total Proyecto ($)
B28: 1. COSTOS DIRECTOS
B29: 1.2. INSUMOS
B30: Plántulas + 10% repos. | C30: Plántulas | D30: 2032 | E30: 15850 | F30: 32207200 | G30: =+F30*F24 -> 64414400
B31: Fertilizantes | C31: Kgr. | D31: 92.35 | E31: 2700 | F31: 249345 | G31: =+F31*F24 -> 498690
B32: Hidroretenedor | C32: Kgr. | D32: 0 | F32: 0 | G32: 0
B33: Correctivos | C33: Kgr. | D33: 369.4 | E33: 260 | F33: 96044 | G33: =+F33*F24 -> 192088
B34: Microelementos | C34: Kgr. | D34: 9.235 | E34: 1740 | F34: 16068.9 | G34: =+F34*F24 -> 32137.8
B35: Insecticidas | C35: Kgr.- Lts. | D35: 2 | E35: 50000 | F35: 100000 | G35: =+F35*F24 -> 200000
B36: SUBTOTAL INSUMOS | F36: 32668658 | G36: =SUM(G30:G35) -> 65337316
B37: TOTAL COSTOS DIRECTOS | F37: =+F36 -> 32668658 | G37: =+G36 -> 65337316
B38: 2. COSTOS INDIRECTOS
B39: Herramientas | F39: 367642.5 | G39: =+F39*F24 -> 735285
B40: Transp. Insumos | F40: 4900298.7 | G40: =+F40*F24 -> 9800597.4
B41: IPC proyectado 2026 | F41: 2141150.7 | G41: =+F41*F24 -> 4282301.3
B42: TOTAL COSTOS INDIRECTOS | F42: 7409091.9 | G42: =SUM(G39:G41) -> 14818184
B43: COSTO ESTABLECIMIENTO | F43: =+F42 -> 7409091.9 | G43: =+G37+G42 -> 80155500
C45: ítem | E45: Porcentaje | F45: Ha | G45: Total
C46: Administración (A) | E46: 0.23 | F46: 2 | G46: =ROUND(+G43*E46,0) -> 18435765
C47: Imprevistos (I) | E47: 0.02 | F47: 2 | G47: =ROUND(+G43*E47,0) -> 1603110
C48: Utildad (U) | E48: 0.05 | F48: 2 | G48: =ROUND(+G43*E48,0) -> 4007775
C49: IVA sobre U | E49: 0 | F49: 0
B50: SALOME GEORGETTE CHAAR CHAAR | C50: Total AIU | G50: =SUM(G46:G49) -> 24046650
B51: SECRETARIA DE PLANEACIÓN | C51: TOTAL COSTO ESTABLECIMIENTO | G51: =+G43+G50 -> 1.0420215e+08
B88: RENDIMIENTOS / Ha.
B89: Has | C89: M2 | D89: 10000
B91: ACTIVIDAD | C91: UNIDAD | D91: SAF
B92: Roceria | C92: Jornales | D92: 7
B93: Trazado | C93: Jornales | D93: 4
B94: Plateo (1m) | C94: Jornales | D94: 7
B95: Repique (30x30x30) | C95: Repiques | D95: 8
B96: Fertilización | C96: Jornales | D96: 5.9104
B97: Transp Interno | C97: Jornales | D97: 5.9104
B98: Siembra | C98: Arboles | D98: 7
B99: Control Fitosanit | C99: Jornales | D99: 2
B100: Replante | C100: Arboles | D100: 3
B101: Limpias | C101: Jornales | D101: 3

Sheet APU Aislam
C2: COSTOS DE AISLAMIENTO | G2: Versión:
C4: SGR | G4: Última actualización: 6/09/2020
B6: COSTO DE AISLAMIENTO DE PLANTACIONES FORESTALES
B7: AISLAMIENTO DE LOS SISTEMAS: | F7: SAF/SSP
B8: Entidad Formuladora | C8: MUNICIPIO CERETE
B9: NOMBRE DEL PROYECTO: | C9: 0
B11: DISEÑO DE AISLAMIENTO | E11: Costo Unitario $
B12: 1. Distancia entre postes mts. | D12: 3
B13: 2. Distancia pie amigos mts. | D13: 30
B14: 3. Hilos alambre | D14: 3
B15: 4. # Postes/KM | D15: 333 | E15: 6000
B16: 5. # Postes Piamigo/KM | D16: 33 | E16: 6000
A17: 3.4285714 | B17: 6. Rollos alambre/KM | D17: 9 | E17: 220000
A18: 6.66 | B18: 7. Grapas/km en kg. | D18: 9 | E18: 12000
B19: 8. Costo por Jornal | E19: 75000
B20: 9. Costo Transp. mayor ( % de insumos) | D20: 0.2
B21: 10. Herramientas (5% M.O.) | D21: 0.05
B22: 11. Perimetro a aislar / HA | D22: 166 | F22: METAS TOTALES
A23: (0% de MO e insumos) | B23: IPC proyectado 2026 (% costos directos) | D23: 0.0535 | F23: 6 | H23: Km.
B25: ITEM | C25: COSTOS / KM (1000 ML) | F25: COSTOS/ ML $ | G25: COSTOS/HA (163 ML) | H25: COSTO TOTAL AISLAMIENTO
C26: Cantidad | D26: Valor Unitario $ | E26: Valor Total $
B27: 1. MANO DE OBRA
B28: Trazado | C28: 7 | D28: 75000 | E28: 525000 | F28: 525 | H28: =F28*($F$23*1000) -> 3150000
B29: Ahoyado | C29: 14 | D29: 75000 | E29: 1050000 | F29: 1050 | H29: =F29*($F$23*1000) -> 6300000
B30: Transporte menor | C30: 5 | D30: 75000 | E30: 375000 | F30: 375 | H30: =F30*($F$23*1000) -> 2250000
B31: Hincado | C31: 7 | D31: 75000 | E31: 525000 | F31: 525 | H31: =F31*($F$23*1000) -> 3150000
B32: Templado y grapado | C32: 7 | D32: 75000 | E32: 525000 | F32: 525 | H32: =F32*($F$23*1000) -> 3150000
B33: SUBTOTAL MANO DE OBRA | C33: 40 | E33: 3000000 | F33: 3000 | G33: 0 | H33: =SUM(H28:H32) -> 18000000
B34: 2. INSUMOS
B35: Alambre de pua (Rollo)/Km | C35: 9 | D35: 215000 | E35: 1935000 | F35: 1935 | H35: =+F35*($F$23*1000) -> 11610000
B36: Postes | C36: 333 | D36: 6000 | E36: 1998000 | F36: 1998 | H36: =+F36*($F$23*1000) -> 11988000
B37: Pie Amigos | C37: 33 | D37: 7000 | E37: 231000 | F37: 231 | H37: =+F37*($F$23*1000) -> 1386000
B38: Grapa (Kgr.) | C38: 9 | D38: 11800 | E38: 106200 | F38: 106.2 | H38: =+F38*($F$23*1000) -> 637200
B39: SUBTOTAL INSUMOS | E39: 4270200 | F39: 4270.2 | G39: 0 | H39: =SUM(H35:H38) -> 25621200
B40: Transporte mayor | E40: 330000 | F40: 330 | H40: =+F40*($F$23*1000) -> 1980000
B41: Herramientas | E41: 44500 | F41: 44.5 | H41: =+F41*($F$23*1000) -> 267000
B42: IPC proyectado 2024 | E42: 388955.7 | F42: 388.9557 | H42: =+F42*($F$23*1000) -> 2333734.2
B43: TOTAL COSTOS INDIRECTOS | E43: 763455.7 | F43: 763.4557 | G43: 0 | H43: =SUM(H40:H42) -> 4580734.2
B44: TOTAL AISLAMIENTO | E44: 8033655.7 | F44: 8033.6557 | G44: 0 | H44: =+H33+H39+H43 -> 48201934
B46: Tipo de poste | C46: madera | E46: Número de hilos | H46: 3
B47: Dimensión (Largo m - Diámetro cm) | C47: 2 m-10cm | E47: Distancia entre hilos (cm) | H47: 35 cm
B48: Inmunización | C48: no | E48: Metros de alambre por rollo | H48: 350
B49: Distancia entre postes (m) | C49: 3 | E49: Dimensión del hoyo cms. (prof. x lados) | H49: 50x20
B50: Distancia entre pie de amigos (m) | C50: 30 | E50: Número de grapas por kilo | H50: 150
B51: Calibre alambre de púa | C51: 12.5 | E51: Postes y Pie Amigos / km | H51: 33
B52: Rollos de Alambre / km | C52: 9 | E52: Kilos de Grapas / km | H52: 9
C54: ítem | E54: Porcentaje | F54: Km | G54: Total | H54: Total
C55: Administración (A) | E55: 0.23 | F55: 6 | G55: 0 | H55: =ROUND(+H44*E55,0) -> 11086445
C56: Imprevistos (I) | E56: 0.02 | F56: 6 | G56: 0 | H56: =ROUND(+H44*E56,0) -> 964039
C57: Utildad (U) | E57: 0.05 | F57: 6 | G57: 0 | H57: =ROUND(+H44*E57,0) -> 2410097
B58: SALOME GEORGETTE CHAAR CHAAR | C58: IVA sobre U | E58: 0 | F58: 0 | G58: 0 | H58: 0
B59: SECRETARIA DE PLANEACIÓN | C59: Total AIU | H59: 0
C60: TOTAL COSTO AISLAMIENTO | F60: 8033655.7 | G60: 0 | H60: =+H44+H55+H56+H57 -> 62662515

Sheet APU Aislamiento
C2: COSTOS DE AISLAMIENTO | G2: Versión:
C4: SGR | G4: Última actualización: 6/09/2020
B6: COSTO DE AISLAMIENTO DE PLANTACIONES FORESTALES
B7: AISLAMIENTO DE LOS SISTEMAS: | F7: SAF/SSP
B8: Entidad Formuladora | C8: MUNICIPIO CERETE
B9: NOMBRE DEL PROYECTO: | C9: 0
B11: DISEÑO DE AISLAMIENTO | E11: Costo Unitario $
B12: 1. Distancia entre postes mts. | D12: 3
B13: 2. Distancia pie amigos mts. | D13: 30
B14: 3. Hilos alambre | D14: 3
B15: 4. # Postes/KM | D15: 333 | E15: 6000
B16: 5. # Postes Piamigo/KM | D16: 33 | E16: 6000
A17: 3.4285714 | B17: 6. Rollos alambre/KM | D17: 9 | E17: 220000
A18: 6.66 | B18: 7. Grapas/km en kg. | D18: 9 | E18: 12000
B19: 8. Costo por Jornal | E19: 75000
B20: 9. Costo Transp. mayor ( % de insumos) | D20: 0.2
B21: 10. Herramientas (5% M.O.) | D21: 0.05
B22: 11. Perimetro a aislar / HA | D22: 166 | F22: METAS TOTALES
A23: (0% de MO e insumos) | B23: IPC proyectado 2026 (% costos directos) | D23: 0.0535 | F23: 6 | H23: Km.
B25: ITEM | C25: COSTOS / KM (1000 ML) | F25: COSTOS/ ML $ | G25: COSTOS/HA (163 ML) | H25: COSTO TOTAL AISLAMIENTO
C26: Cantidad | D26: Valor Unitario $ | E26: Valor Total $
B27: 1. MANO DE OBRA
B28: Trazado | C28: 7 | D28: 75000 | E28: 525000 | F28: 525 | H28: =F28*($F$23*1000) -> 3150000
B29: Ahoyado | C29: 14 | D29: 75000 | E29: 1050000 | F29: 1050 | H29: =F29*($F$23*1000) -> 6300000
B30: Transporte menor | C30: 5 | D30: 75000 | E30: 375000 | F30: 375 | H30: =F30*($F$23*1000) -> 2250000
B31: Hincado | C31: 7 | D31: 75000 | E31: 525000 | F31: 525 | H31: =F31*($F$23*1000) -> 3150000
B32: Templado y grapado | C32: 7 | D32: 75000 | E32: 525000 | F32: 525 | H32: =F32*($F$23*1000) -> 3150000
B33: SUBTOTAL MANO DE OBRA | C33: 40 | E33: 3000000 | F33: 3000 | G33: 0 | H33: =SUM(H28:H32) -> 18000000
B34: 2. INSUMOS
B35: Alambre de pua (Rollo)/Km | C35: 9 | D35: 215000 | E35: 1935000 | F35: 1935 | H35: =+F35*($F$23*1000) -> 11610000
B36: Postes | C36: 333 | D36: 6000 | E36: 1998000 | F36: 1998 | H36: =+F36*($F$23*1000) -> 11988000
B37: Pie Amigos | C37: 33 | D37: 7000 | E37: 231000 | F37: 231 | H37: =+F37*($F$23*1000) -> 1386000
B38: Grapa (Kgr.) | C38: 9 | D38: 11800 | E38: 106200 | F38: 106.2 | H38: =+F38*($F$23*1000) -> 637200
B39: SUBTOTAL INSUMOS | E39: 4270200 | F39: 4270.2 | G39: 0 | H39: =SUM(H35:H38) -> 25621200
B40: Transporte mayor | E40: 330000 | F40: 330 | H40: =+F40*($F$23*1000) -> 1980000
B41: Herramientas | E41: 44500 | F41: 44.5 | H41: =+F41*($F$23*1000) -> 267000
B42: IPC proyectado 2024 | E42: 388955.7 | F42: 388.9557 | H42: =+F42*($F$23*1000) -> 2333734.2
B43: TOTAL COSTOS INDIRECTOS | E43: 763455.7 | F43: 763.4557 | G43: 0 | H43: =SUM(H40:H42) -> 4580734.2
B44: TOTAL AISLAMIENTO | E44: 8033655.7 | F44: 8033.6557 | G44: 0 | H44: =+H33+H39+H43 -> 48201934
B46: Tipo de poste | C46: madera | E46: Número de hilos | H46: 3
B47: Dimensión (Largo m - Diámetro cm) | C47: 2 m-10cm | E47: Distancia entre hilos (cm) | H47: 35 cm
B48: Inmunización | C48: no | E48: Metros de alambre por rollo | H48: 350
B49: Distancia entre postes (m) | C49: 3 | E49: Dimensión del hoyo cms. (prof. x lados) | H49: 50x20
B50: Distancia entre pie de amigos (m) | C50: 30 | E50: Número de grapas por kilo | H50: 150
B51: Calibre alambre de púa | C51: 12.5 | E51: Postes y Pie Amigos / km | H51: 33
B52: Rollos de Alambre / km | C52: 9 | E52: Kilos de Grapas / km | H52: 9
C54: ítem | E54: Porcentaje | F54: Km | G54: Total | H54: Total
C55: Administración (A) | E55: 0.23 | F55: 0 | G55: 0 | H55: 0
C56: Imprevistos (I) | E56: 0 | F56: 0 | G56: 0 | H56: 0
C57: Utildad (U) | E57: 0 | F57: 0 | G57: 0 | H57: 0
C58: IVA sobre U | E58: 0 | F58: 0 | G58: 0 | H58: 0
C59: Total AIU | H59: 0
C60: TOTAL COSTO AISLAMIENTO | F60: 8033655.7 | G60: 0 | H60: 48201934

Sheet APU Mantenim
C1: SGR | F1: Versión: 2,0
F3: Última actualización: 11/09/2020
B5: COSTO DE MANTENIMIENTO
B6: SISTEMA A MANTENER: | C6: Bosque de Galeria
B7: CORPORACIÓN / AAU: | C7: MUNICIPIO DE CERETE
B8: NOMBRE DEL PROYECTO: | C8: RESTAURACION DE LOS BOSQUES DE GALERIA EN EL SECTOR CARACAS, A RABOLARGO DEL CAÑO BUGRE EN EL MUNICIPIO DE CERETE - DEPARTAMENTO DE CORDOBA
B10: DISEÑO DE PLANTACION: | D10: Tres bolillo | E10: x | F10: cuadro
B12: 1. Distancias de Siembra (mts) | C12: 2.5 | D12: 2.5 | E12: Costo Unitario $
B13: 2. Número de Plántulas por Ha | D13: 1842 | E13: 18000
B14: 3. Resiembra del Material Vegetal (%) | D14: 0.1 | E14: 18000
B15: 4. Cantidad de Fertilizantes / Arbol (gr.) | C15: Fertilizante 15-15-15 | D15: 50 | E15: 5200
B16: 5. Cantidad de Hidroretenedor / Árbol (gr.) | D16: 0 | E16: 0
B17: 6. Cantidad de Correctivos / Arbol (gr.) | C17: xxx | D17: 0 | E17: 0
B18: 5. Cantidad de Microelementos / Arbol (gr.) | C18: Otro | D18: 5 | E18: 4000
B19: 6. Cantidad de Insecticida / Ha (Kg - Lt.) | C19: Lorrban polvo | D19: 2 | E19: 12000
B20: 7. Costo por Jornal | E20: 75000
B21: 8. Herramientas (% de la MO) | D21: 0.05
B22: 9. Transporte Insumos (% de Insumos) | D22: 0.15
B23: IPC proyectado 2025 (% costos directos) | D23: 0.0535 | E23: METAS TOTALES | F23: 2 | G23: Has.
B25: Costos proyectados en pesos | C25: 2022
B26: CATEGORIA DE INVERSIÓN | C26: Unidad | D26: Cantidad | E26: Valor Unitario ($) | F26: Valor Total/Ha ($) | G26: Valor Total Proyecto ($)
B27: 1. COSTOS DIRECTOS
B28: 1.1. MANO DE OBRA | C28: RENDIMIENTO
E29: 0 | F29: 0
B30: Trazado | C30: Jornal | D30: 0 | E30: 0 | F30: 0
B31: Plateo o deshierbe | C31: Plateos | D31: 1840 | E31: 350 | F31: 644000 | G31: =+F31*F23 -> 1288000
B32: Aplicación de fertilizantes y correctivos | C32: Arboles | D32: 1840 | E32: 240.26087 | F32: 442080 | G32: =+F32*F23 -> 884160
B33: Transporte interno de insumos | C33: Arboles | D33: 1840 | E33: 240.26087 | F33: 442080 | G33: =+F33*F23 -> 884160
B34: Control fitosanitario | C34: Arboles | D34: 1840 | E34: 240.26087 | F34: 442080 | G34: =+F34*F23 -> 884160
B35: Plantación (siembra) | C35: Árbol | D35: 0 | E35: 0 | F35: 0 | G35: 0
B36: Reposición (Replante) | C36: Arboles | D36: 184.2 | E36: 1100 | F36: 202620 | G36: =+F36*F23 -> 405240
B37: SUBTOTAL MANO DE OBRA | E37: 2170.7826 | F37: =SUM(F29:F36) -> 2172860 | G37: =SUM(G31:G36) -> 4345720
B38: 1.2. INSUMOS
B39: Material vegetal de reposición | C39: Plántulas | D39: 184.2 | E39: 18000 | F39: 3315600 | G39: =+F39*F23 -> 6631200
B40: Fertilizantes | C40: Kgr. | D40: 92.1 | E40: 5200 | F40: 478920 | G40: =+F40*F23 -> 957840
B41: Hidroretenedor | C41: Kgr. | D41: 0 | E41: 0 | F41: 0 | G41: 0
B42: Correctivos | C42: Kgr. | D42: 0 | E42: 0 | F42: 0 | G42: 0
B43: Microelementos | C43: Kgr. | D43: 9.21 | E43: 4000 | F43: 36840 | G43: =+F43*F23 -> 73680
B44: Insecticidas | C44: Kgr.- Lts. | D44: 2 | E44: 12000 | F44: 24000 | G44: =+F44*F23 -> 48000
B45: SUBTOTAL INSUMOS | E45: 39200 | F45: =SUM(F39:F44) -> 3855360 | G45: =SUM(G39:G44) -> 7710720
B46: TOTAL COSTOS DIRECTOS | E46: =+E45+E37 -> 41370.783 | F46: =+F37+F45 -> 6028220 | G46: =+G37+G45 -> 12056440
B47: 2. COSTOS INDIRECTOS
B48: Herramientas | F48: 108643 | G48: =+F48*F23 -> 217286
B49: Transp. Insumos | F49: 578304 | G49: =+F49*F23 -> 1156608
B50: IPC proyectado 2025 | F50: 322509.77 | G50: =+F50*F23 -> 645019.54
B51: TOTAL COSTOS INDIRECTOS | F51: 1009456.8 | G51: 2018913.5
B52: TOTAL COSTO MANTENIMIENTO | F52: =+F46+F51 -> 7037676.8 | G52: =+G46+G51 -> 14075354
C54: ítem | E54: Porcentaje | F54: Ha | G54: Total
C55: Administración (A) | E55: 0.23 | F55: 2 | G55: =ROUND(+G52*E55,0)-1 -> 3237330
C56: Imprevistos (I) | E56: 0.02 | F56: 2 | G56: =ROUND(+G52*E56,0) -> 281507
C57: Utildad (U) | E57: 0.05 | F57: 2 | G57: =ROUND(+G52*E57,0) -> 703768
C58: IVA sobre U | E58: 0 | F58: 0 | G58: 0
B59: SALOME GEORGETTE CHAAR CHAAR | C59: Total AIU | G59: 0
B60: SECRETARIA DE PLANEACIÓN | C60: TOTAL COSTO MANTENIMIENTO | F60: 7037676.8 | G60: =+G52+G55+G56+G57 -> 18297959

Sheet APU Capacit
B2: COSTOS DE EVENTO (TALLERES, GIRAS, REUNIONES, CAPACITACIONES, ENTRE OTROS) PARA LA EJECUCIÓN DEL PROYECTO
B4: Entidad Formuladora
B6: NOMBRE DEL PROYECTO: | C6: RESTAURACION DE LOS BOSQUES DE GALERIA EN EL SECTOR CARACAS, A RABOLARGO DEL CAÑO BUGRE EN EL MUNICIPIO DE CERETE - DEPARTAMENTO DE CORDOBA
B8: TIPO DE EVENTO I | C8: Taller y Capacitaciones
B10: NÚMERO DE BENEFICIARIOS | C10: 30 | E10: # HORAS/EVENTO | G10: 4 | H10: # EVENTOS/DÍA | I10: 1
B12: NÚMERO DE EVENTOS | C12: 5 | E12: NUMERO DE DÍAS DEL EVENTO | G12: 1 | H12: NUMERO DE PERSONAS POR EVENTO | I12: 30
B14: DESCRIPCIÓN | D14: UNIDAD | E14: CANTIDAD / DEDICACION | G14: COSTO UNITARIO | H14: VALOR TOTAL UN EVENTO ($) | I14: VALOR TOTAL EVENTOS ($)
B15: 1. EQUIPOS | H15: =+H16+H17+H18 -> 200000 | I15: =+I16+I17+I18 -> 1000000
B16: Videobeam | D16: Número | E16: 1 | G16: 150000 | H16: =+E16*G16 -> 150000 | I16: =+H16*C12 -> 750000
B17: Computador | D17: Número | E17: 1 | G17: 50000 | H17: =+E17*G17 -> 50000 | I17: =+H17*C12 -> 250000
H18: =+E18*G18 -> 0 | I18: =+H18*C12 -> 0
B19: 2. AUDITORIO Y/O ESCENARIOS | H19: =H20 -> 200000 | I19: =I20 -> 200000
B20: Alquiler de Auditorio (2 veces al día) | D20: Número | E20: 1 | G20: 200000 | H20: =+E20*G20 -> 200000 | I20: =+H20*G12 -> 200000
B21: 3. TRANSPORTE | H21: =+H22 -> 0 | I21: =+I22 -> 0
B22: Trasporte interno | D22: Número | E22: 0 | G22: 0 | H22: =+E22*G22 -> 0 | I22: =+H22*$C$12 -> 0
B23: 4. ALIMENTACIÓN | H23: =+H24+H25+H26+H27 -> 450000 | I23: =+I24+I25+I26+I27 -> 2250000
B24: DESAYUNO | D24: Número | H24: =+E24*G24 -> 0 | I24: =+H24*$G$12 -> 0
B25: ALMUERZO | D25: Número | H25: =+E25*G25 -> 0 | I25: =+H25*$G$12 -> 0
B26: CENA | D26: Número | H26: =+E26*G26 -> 0 | I26: =+H26*$G$12 -> 0
B27: REFRIGERIOS | D27: Número | E27: 30 | G27: 15000 | H27: =+E27*G27 -> 450000 | I27: =+H27*$C$12 -> 2250000
B28: 5. HOSPEDAJE | H28: =H29 -> 0 | I28: =I29 -> 0
B29: Hospedaje equipo de talleristas | D29: Días | H29: =E29*G29 -> 0 | I29: =H29 -> 0
B30: 6. PERSONAL (mano de obra calificada, aplica sólo para casos especiales) | H30: =+H31+H32+H33+H34+H35 -> 800012 | I30: =+I31+I32+I33+I34+I35 -> 2600000
B31: Tallerista | C31: 1 | D31: Horas/Dia | E31: =$G$10 -> 4 | G31: 200000 | H31: =+E31*G31*C31 -> 800000 | I31: =+H31*G12 -> 800000
B32: Auxiliar | C32: 1 | D32: Horas/Dia | H32: =+E32*G32*C32 -> 0 | I32: =+H32*G12 -> 0
B33: Personal de enlace comunitario | C33: 1 | D33: Horas/Dia | H33: =+E33*G33*C33 -> 0 | I33: =+H33*G12 -> 0
B34: Otro (Logistico) | C34: 1 | D34: Horas/Dia | H34: =+E34*G34*C34 -> 0 | I34: =+H34*$C$12 -> 0
B35: Gastos de transporte interno para el evento | C35: 4 | D35: Número | E35: 1 | G35: 3 | H35: =+E35*G35*C35 -> 12 | I35: =+H35*G16 -> 1800000
B36: 7. MATERIALES PARA EL DESARROLLO DEL EVENTO | H36: =+H37+H38 -> 300000 | I36: =+I37+I38 -> 1500000
B37: Papelería | D37: Número | E37: 30 | G37: 10000 | H37: =+E37*G37 -> 300000 | I37: =+H37*$C$12 -> 1500000
B38: Otros insumos (pendones, cuñas radiales, entre otros) | D38: Número | H38: =+E38*G38 -> 0 | I38: =+H38*G12 -> 0
B39: 8. OTROS COSTOS ASOCIADOS A LA EJECUCIÓN DEL EVENTO | H39: =H40+H41 -> 600000 | I39: =+I40+I41 -> 3000000
B40: Fotografo del evento | D40: Sesiones | H40: =+E40*G40 -> 0 | I40: =+H40 -> 0
B41: Material didactico y escarapelas | D41: Número | E41: 30 | G41: 20000 | H41: =+E41*G41 -> 600000 | I41: =+H41*$C$12 -> 3000000
B42: 9. IPC PROYECTADO | D42: % | E42: 0.045 | H42: =+E42*(H15+H19+H21+H23+H28+H30+H36+H39) -> 114750.54 | I42: =E42*(I15+I19+I21+I23+I28+I30+I36+I39) -> 474750
B43: SUBTOTAL EVENTO | H43: =H15+H19+H30+H36+H42+H39 -> 2214762.5 | I43: =I42+I39+I30+I23+I19+I15+I36 -> 11024750
B44: IVA (19%) | I44: =I43*19% -> 2094702.5
B46: Total | I46: =I43+I44 -> 13119452
E48: ítem | G48: Porcentaje | H48: Ha | I48: Total
E49: Administración (A) | G49: 0.23 | H49: 2 | I49: =ROUND(+I46*G49,0) -> 3017474
E50: Imprevistos (I) | G50: 0.02 | H50: 2 | I50: =ROUND(+I46*G50,0) -> 262389
E51: Utildad (U) | G51: 0.05 | H51: 2 | I51: =ROUND(+I46*G51,0) -> 655973
B52: SALOME GEORGETTE CHAAR CHAAR | E52: IVA sobre U | G52: 0 | H52: 0 | I52: 0
B53: SECRETARIA DE PLANEACIÓN | E53: Total AIU | I53: 0
E54: TOTAL COSTO MANTENIMIENTO | H54: 7037676.8 | I54: =+I46+I49+I50+I51 -> 17055288

Sheet APU Asis Tecn
B3: Descripción | C3: Unidad | D3: Cantidad | E3: Valor Unitario | F3: Factor / Rend | G3: Total
B4: 1. PERSONAL (DIRECCIÓN Y PROFESIONAL)
B5: Director de Proyecto | C5: Mes | D5: 2 | E5: 5000000 | F5: 1 | G5: =D5*E5*F5 -> 10000000
B6: Profesional de Apoyo | C6: Mes | D6: 2 | E6: 3000000 | F6: 1 | G6: =D6*E6*F6 -> 6000000
B7: 2. SEGUIMIENTOS Y MONITOREO
B8: Monitoreo supervivencia | C8: Global | D8: 1 | E8: 800000 | G8: =D8*E8 -> 800000
B9: Registro Fotográfico | C9: Global | D9: 1 | E9: 400000 | G9: =D9*E9 -> 400000
B10: Informes Técnicos | C10: Global | D10: 1 | E10: 700000 | G10: =D10*E10 -> 700000
B11: 3. SOCIAL Y LOGÍSTICA
B12: Transporte | C12: Global | D12: 1 | E12: 700000 | G12: =D12*E12 -> 700000
B13: Logística General | C13: Global | D13: 1 | E13: 300000 | G13: =D13*E13 -> 300000
B14: Papelería y Útiles | C14: Global | D14: 1 | E14: 500000 | G14: =D14*E14 -> 500000
F16: TOTAL COSTO DIRECTO PGIO | G16: =SUM(G5:G14) -> 19400000
C18: ítem | E18: Porcentaje | F18: Ha | G18: Total
C19: Administración (A) | E19: 0.23 | F19: 2 | G19: =ROUND(+G16*E19,0) -> 4462000
C20: Imprevistos (I) | E20: 0.02 | F20: 2 | G20: =ROUND(+G16*E20,0) -> 388000
C21: Utildad (U) | E21: 0.05 | F21: 2 | G21: =ROUND(+G16*E21,0) -> 970000
B22: SALOME GEORGETTE CHAAR CHAAR SECRETARIA DE PLANEACIÓN | C22: IVA sobre U | E22: 0 | F22: 0 | G22: 0
C23: Total AIU | G23: 0
C24: TOTAL COSTO MANTENIMIENTO | F24: 7037676.8 | G24: =+G16+G19+G20+G21 -> 25220000
